 Dungeon Crawl Stone Soup version 0.22-a0-609-gfedc9ff (webtiles) character file.

18911 yoda5477 the Destroyer (level 12, -10/71 HPs)
             Began as a Gargoyle Conjurer on July 9, 2018.
             Was an Elder of Vehumet.
             Killed from afar by Frances (42 damage)
             ... with an iron shot
             ... on level 12 of the Dungeon on July 10, 2018.
             The game lasted 04:12:05 (24345 turns).

yoda5477 the Destroyer (Gargoyle Conjurer)         Turns: 24345, Time: 04:12:05

Health: -10/71     AC: 18    Str: 11    XL:     12   Next: 63%
Magic:  37/40      EV: 12    Int: 22    God:    Vehumet [****..]
Gold:   420        SH:  0    Dex: 13    Spells: 2/29 levels left

rFire    . . .     SeeInvis .   X - staff of power
rCold    + . .     Gourm    .   (no shield)
rNeg     + + .     Faith    .   S - +2 robe {rN+}
rPois    ∞         Spirit   .   (no helmet)
rElec    +         Reflect  .   Y - +2 cloak
rCorr    .         Harm     .   a - +0 pair of gloves
MR       .....                  u - +1 pair of boots
Stlth    +++.......             (no amulet)
HPRegen  0.21/turn              x - ring of protection from cold
MPRegen  0.27/turn              P - +3 ring of dexterity

@: no status effects
A: negative energy resistance 1, electricity resistance, unbreathing,
petrification resistance, rot immunity, AC +8
a: Renounce Religion


You were on level 12 of the Dungeon.
You worshipped Vehumet.
Vehumet was greatly pleased with you.
You were not hungry.

You visited 3 branches of the dungeon, and saw 15 of its levels.

You collected 649 gold pieces.
You spent 229 gold pieces at shops.

Inventory:

Hand Weapons
 e - the +1 flail of Agony {flame, *Drain Int+5 Dex+4}
   (You took it off a crimson imp on level 9 of the Dungeon)

   It has been specially enchanted to burn those struck by it, causing extra
   injury to most foes and up to half again as much damage against particularly
   susceptible opponents.
   It affects your intelligence (+5).
   It affects your dexterity (+4).
   It causes draining when unequipped.
 y - a +3 mace of protection
 E - a +2 vampiric scimitar
 J - a +2 quarterstaff of chaos
 N - a +1 scimitar of flaming
 W - the +5 flail of the Dragonfly {antimagic, rC++ SInv}
   (You bought it in a shop on level 6 of the Dungeon)

   It reduces the magical energy of the wielder, and disrupts the spells and
   magical abilities of those hit.
   Natural abilities and divine invocations are not affected.
   It greatly protects you from cold.
   It lets you see invisible.
Missiles
 m - 4 silver tomahawks (quivered)
Armour
 a - a +0 pair of gloves (worn)
 u - a +1 pair of boots (worn)
 S - a +2 robe of positive energy (worn)
 Y - a +2 cloak (worn)
Magical Staves
 f - an uncursed staff of conjuration
 v - an uncursed staff of earth
 V - an uncursed staff of wizardry
 X - an uncursed staff of power (weapon)
Jewellery
 d - an uncursed ring of protection from fire {unknown}
 x - a ring of protection from cold (left hand)
 H - a +6 ring of strength
 P - a +3 ring of dexterity (right hand)
Wands
 b - a wand of enslavement (12)
 g - a wand of paralysis (16)
 j - a wand of scattershot (4)
 s - a wand of disintegration (14)
 B - a wand of acid (5)
 D - a wand of iceblast (12)
 M - a wand of polymorph (8)
 Q - a wand of clouds (10)
 U - a wand of flame (27)
 Z - a wand of random effects (29)
Scrolls
 l - 9 scrolls of remove curse
 q - a scroll of enchant armour
 t - a scroll of immolation
 C - 4 scrolls of magic mapping
 G - a scroll of enchant weapon
 K - a scroll of teleportation
 R - a scroll of random uselessness
Potions
 h - 3 potions of flight {unknown}
 i - a potion of invisibility {unknown}
 k - 3 potions of curing
 n - 4 potions of brilliance
 p - 4 potions of haste
 r - a potion of ambrosia {unknown}
 w - 2 potions of magic {unknown}
 z - 5 potions of lignification
 A - a potion of degeneration {unknown}
 F - 2 potions of heal wounds {unknown}
 I - 3 potions of might {unknown}
 L - a potion of mutation {unknown}
Comestibles
 c - 12 rations


   Skills:
 + Level 6.9 Fighting
 - Level 5.7(6.7) Maces & Flails
 - Level 5.2(6.4) Staves
 - Level 1.5 Dodging
 - Level 4.0 Stealth
 + Level 9.3 Spellcasting
 + Level 11.8 Conjurations
 - Level 4.0 Hexes
 - Level 5.2 Translocations
 * Level 3.1 Fire Magic
 * Level 2.6 Poison Magic
 - Level 5.1 Evocations


You had 2 spell levels left.
You knew the following spells:

 Your Spells              Type           Power        Failure   Level  Hunger
a - Magic Dart            Conj           ####         1%          1    None
b - Searing Ray           Conj           ######       1%          2    None
c - Iskenderun's Mystic   Conj           ######..     1%          4    ##.....
d - Force Lance           Conj/Tloc      #####...     1%          4    ##.....
e - Fulminant Prism       Conj/Hex       #####.....   1%          4    ##.....
g - Throw Flame           Conj/Fire      #####.       1%          2    None
h - Olgreb's Toxic Radia  Pois           ###.....     6%          4    ##.....
i - Mephitic Cloud        Conj/Pois/Air  ####....     1%          3    None
j - Ignite Poison         Fire/Tmut/Pois ###.....     2%          3    None

Your spell library contained the following spells:

 Spells                   Type           Power        Failure   Level  Hunger
 Fireball                 Conj/Fire      #####.....   2%          5    ####...
 Bolt of Fire             Conj/Fire      #####.....   12%         6    ######.
 Ring of Flames           Chrm/Fire      ###.......   100%        7    #######
 Venom Bolt               Conj/Pois      #####.....   2%          5    ####...
 Sting                    Conj/Pois      ####         1%          1    None
 Spider Form              Tmut/Pois      ###.......   12%         3    None
 Blade Hands              Tmut           ##........   87%         5    ####...
 Ice Form                 Ice/Tmut       ##......     54%         4    ##.....
 Sticks to Snakes         Tmut           ##......     10%         2    None
 Beastly Appendage        Tmut           ##....       6%          1    None
 Dazzling Spray           Conj/Hex       #####.       1%          3    None
 Poisonous Vapours        Pois/Air       ###...       6%          2    None
 Ignition                 Fire           ###.......   100%        8    #######


Dungeon Overview and Level Annotations

Branches:
Dungeon (12/15)            Temple (1/1) D:4            Lair (2/6) D:8
  Swamp: Lair:2-4    Shoals: Lair:2-4     Snake: Lair:2-4    Spider: Lair:2-4
    Orc: D:9-12

Altars:
Ashenzari
Cheibriados
Dithmenos
Elyvilon
Fedhas
Gozag
Hepliaklqana
Kikubaaqudgha
Makhleb
Nemelex Xobeh
Okawaru
Qazlal
Ru
Sif Muna
Trog
Uskayaw
Vehumet
Wu Jian
Xom
Yredelemnul
Zin
The Shining One

Shops:
D:6 [(*[(   D:12 [

Portals:
Trove: D:10 (give 17 potions of curing)

Annotations:
D:7 death sheep!, exclusion: door
D:9 3 runed doors, Eptagon's ghost, journeyman SpEn; Gastronok
D:10 stash curing 17
D:11 1 runed door, exclusions: oklob plant and player ghost, anet's ghost, journeyman GnMo
D:12 Frances
Lair:1 exclusions: butterfly and oklob plant
Lair:2 exclusion: hydra


Innate Abilities, Weirdness & Mutations

You are resistant to torment.
Your stone body is resilient. (AC +8)
You are immune to poison.
You resist negative energy. (rN+)
You are resistant to electric shocks. (rElec)
You can survive without breathing.
You are immune to petrification.
You are immune to rotting.


Message History

Frances whispers indecipherable words.
You feel less vulnerable to hostile enchantments.
Frances hits you from afar with a glaive!!
There is an open door here.
Frances mutters in a terrible tongue.
The iron shot hits you!
Casting: Force Lance (safe; 1% risk of failure)
Confirm with . or Enter, or press ? or * to list all spells.
Aiming: Force Lance (safe; 1% risk of failure)
Press: ? - help, Shift-Dir - straight line, f/p - Frances
Aim: Frances, wielding a glaive and wearing a leather armour (fast)
The lance of force hits Frances.
Frances is lightly wounded.
Frances is knocked back by the lance of force.
Frances slams into the granite statue!
Frances chants phrases taken from a devil's mouth.
Frances chants phrases taken from a devil's mouth.
The iron shot hits you!
Ouch! That really hurt!
You die...

#. #>. ## #.. .. #. #.# ... #.
#.# # ..# #. ###.###.# #.# #.
#.......##### #.# #.
######'#..####...##########.#####
#........84.@'..@'.......J.......
#.........####3..########.......#
#.........# #...# #.J.....#
#........∩# ##### #.......#
#...).....# #......)#
#.........##### #.......#
.........8....##### #......<#
########..........# #.......#
#####......## #.......#


You could see Frances, an ice devil and a ynoxinul.

Vanquished Creatures
  Erolcha (D:12)
  Erica (Lair:1)
  2 two-headed ogres
  An unseen horror (D:11)
  2 cyclopes
  An ugly thing (D:12)
  2 black mambas
  Psyche (D:10)
  A gargoyle (D:11)
  Maurice (D:8)
  3 komodo dragons
  A spiny frog (D:8)
  A troll (D:9)
  A hornet (D:10)
  Prince Ribbit (Lair:2)
  4 hippogriffs
  12 blink frogs
  A shadow (D:12)
  A human (D:8)
  5 yaks
  4 hogs
  A vampire mosquito (D:8)
  A basilisk (D:11)
  An acid dragon (D:12)
  4 water moccasins
  Duvessa (D:6)
  4 porcupines
  2 orc warriors
  3 sky beasts
  2 necrophages (D:8)
  4 ogres
  An eye of draining (D:12)
  A phantom (D:4)
  17 centaurs
  2 crocodiles (Lair:1)
  2 big kobolds
  Blork the orc (D:6)
  10 bullfrogs
  Dowan (D:6)
  3 scorpions
  2 howler monkeys (D:5)
  8 crimson imps
  2 lava snakes (D:9)
  A bullfrog zombie (D:11)
  2 hounds
  6 orc priests
  A gnoll shaman (D:6)
  3 jellies
  12 orc wizards
  Crazy Yiuf (D:5)
  A bullfrog skeleton (D:11)
  2 iguanas
  Natasha (D:4)
  11 worker ants
  A killer bee zombie (D:8)
  A hound skeleton (D:9)
  2 worker ant zombies
  4 gnolls
  2 howler monkey skeletons
  16 adders
  5 shadow imps
  An adder zombie (D:8)
  An adder skeleton (D:8)
  2 worms
  3 dart slugs
  4 leopard geckos
  31 orcs
  3 giant cockroaches
  15 hobgoblins
  12 jackals
  2 quokkas
  3 bats
  A frilled lizard (D:2)
  10 goblins
  2 goblin skeletons (D:9)
  A goblin zombie (D:9)
  5 hobgoblin zombies (D:9)
  13 kobolds
  A kobold skeleton (D:9)
  An orc skeleton (D:9)
  A quokka skeleton (D:4)
  8 rats
  26 fulminant prisms
338 creatures vanquished.

Vanquished Creatures (others)
  A centaur (D:12)
  An orc wizard (D:12)
  70 fulminant prisms
  5 fungi (Lair:2)
  6 plants
  6 toadstools (Lair:2)
89 creatures vanquished.

Grand Total: 427 creatures vanquished

Notes
Turn   | Place    | Note
-------+----------+-------------------------------------------
     0 | D:1      | yoda5477 the Gargoyle Conjurer began the quest for the Orb.
     0 | D:1      | Reached XP level 1. HP: 10/10 MP: 3/3
   204 | D:1      | Reached XP level 2. HP: 10/15 MP: 0/5
   662 | D:1      | Learned a level 2 spell: Searing Ray
   876 | D:1      | Reached skill level 5 in Conjurations
   876 | D:1      | Reached XP level 3. HP: 20/20 MP: 0/6
  1110 | D:2      | Reached skill level 1 in Fighting
  1437 | D:2      | Reached XP level 4. HP: 17/25 MP: 1/7
  1734 | D:2      | Reached skill level 1 in Maces & Flails
  1987 | D:2      | Found a shadowy altar of Dithmenos.
  2385 | D:3      | Reached XP level 5. HP: 29/29 MP: 5/9
  3191 | D:4      | Learned a level 4 spell: Iskenderun's Mystic Blast
  3256 | D:4      | Noticed Natasha
  3382 | D:4      | Found a staircase to the Ecumenical Temple.
  3392 | Temple   | Entered the Ecumenical Temple
  3612 | D:4      | Noticed a phantom
  3626 | D:4      | Killed a phantom
  3626 | D:4      | Reached XP level 6. HP: 29/36 MP: 0/11
  3733 | D:4      | Found a hazy altar of Hepliaklqana.
  3733 | D:4      | Found an iron altar of Okawaru.
  4073 | D:4      | Found a stormy altar of Qazlal.
  4442 | D:5      | Entered Level 5 of the Dungeon
  4442 | D:5      | Found a shattered altar of Ashenzari.
  4442 | D:5      | Found a burning altar of Makhleb.
  4442 | D:5      | Found a bloodstained altar of Trog.
  4864 | D:5      | Reached XP level 7. HP: 39/40 MP: 3/12
  5060 | D:4      | Reached skill level 6 in Conjurations
  5160 | D:4      | Reached skill level 1 in Staves
  5707 | D:5      | Found an ancient bone altar of Kikubaaqudgha.
  5872 | D:5      | Found an opulent altar of Gozag.
  5876 | D:5      | Found a glowing silver altar of Zin.
  5910 | D:5      | Found a runed door.
  5981 | D:5      | Got a scorched ring mail
  6008 | D:5      | Reached skill level 7 in Conjurations
  6008 | D:5      | Reached XP level 8. HP: 47/47 MP: 5/14
  6483 | D:5      | Found a radiant altar of Vehumet.
  6488 | D:5      | Became a worshipper of Vehumet
  7036 | D:5      | Learned a level 4 spell: Force Lance
  7201 | D:5      | Noticed Crazy Yiuf
  7204 | D:5      | Killed Crazy Yiuf
  7347 | D:6      | Noticed Duvessa
  7465 | D:6      | Noticed Blork the orc
  7486 | D:6      | Killed Blork the orc
  7556 | D:6      | Noticed Dowan
  7576 | D:5      | Reached skill level 5 in Spellcasting
  7576 | D:5      | Reached skill level 1 in Translocations
  7806 | D:6      | Found Maweh's Assorted Antiques.
  7930 | D:6      | Killed Dowan
  8003 | D:6      | Killed Duvessa
  8003 | D:6      | Reached skill level 8 in Conjurations
  8114 | D:6      | Identified the cursed +1 ring mail "Kibotzorr" {-Cast rPois rC+ Dex+3} (You found it on level 5 of the Dungeon)
  8321 | D:6      | Found Mibly's Antique Weapon Shop.
  8375 | D:6      | Found Baomauna's Antique Weapon Boutique.
  8384 | D:6      | Found Qifoc's Armour Emporium.
  8516 | D:6      | Found Wonelaji's Antique Armour Shoppe.
  8709 | D:7      | Reached XP level 9. HP: 45/52 MP: 10/17
  9350 | D:7      | Reached skill level 5 in Fighting
  9350 | D:7      | Reached skill level 1 in Evocations
  9646 | D:7      | Found a runed door.
 10515 | D:6      | Bought a crude flail for 229 gold pieces
 10515 | D:6      | Identified the +5 flail of the Dragonfly {antimagic, rC++ SInv} (You bought it in a shop on level 6 of the Dungeon)
 10763 | D:8      | Noticed a death yak
 10764 | D:8      | Found a staircase to the Lair.
 10767 | D:8      | Noticed a death yak
 10774 | D:8      | Noticed a death yak
 11197 | D:4      | Killed Natasha
 12731 | D:8      | Reached skill level 9 in Conjurations
 12822 | D:8      | Reached XP level 10. HP: 39/60 MP: 11/19
 12948 | D:8      | Learned a level 4 spell: Fulminant Prism
 12998 | D:8      | Reached * piety under Vehumet
 12998 | D:8      | Offered knowledge of Shock by Vehumet.
 13061 | D:8      | Learned a level 1 spell: Shock
 13919 | D:8      | Reached skill level 1 in Hexes
 14342 | Lair:1   | Entered Level 1 of the Lair of Beasts
 14363 | Lair:1   | Upgraded the game from 0.22-a0-608-g8a62e23 to 0.22-a0-609-gfedc9ff
 14416 | Lair:1   | Noticed a spiny frog
 15158 | D:8      | Reached skill level 10 in Conjurations
 15299 | D:8      | Killed a spiny frog
 15937 | Lair:1   | Reached XP level 11. HP: 66/66 MP: 10/20
 15964 | Lair:1   | Reached skill level 5 in Maces & Flails
 16151 | Lair:1   | Noticed Erica
 16171 | Lair:1   | Reached ** piety under Vehumet
 16171 | Lair:1   | Offered knowledge of Sting by Vehumet.
 16886 | Lair:1   | Noticed an oklob plant
 17063 | Lair:2   | Reached skill level 5 in Staves
 17237 | Lair:2   | Noticed Prince Ribbit
 17299 | Lair:1   | Killed Erica
 17299 | Lair:1   | Reached skill level 5 in Translocations
 17991 | Lair:2   | Noticed an eight-headed hydra
 18016 | Lair:2   | Killed Prince Ribbit
 18756 | Lair:2   | Noticed a seven-headed hydra
 18807 | Lair:2   | Noticed a seven-headed hydra
 18997 | D:9      | Noticed Maurice
 19122 | D:9      | Noticed a two-headed ogre
 19131 | D:8      | Killed Maurice
 19405 | D:9      | Found a runed gate.
 19405 | D:9      | Found a runed gate.
 19405 | D:9      | Found a runed gate.
 19406 | D:9      | Noticed Eptagon's ghost (journeyman SpEn)
 19455 | D:9      | Offered knowledge of Throw Flame by Vehumet.
 19467 | D:9      | Learned a level 2 spell: Throw Flame
 19561 | D:9      | Reached skill level 5 in Evocations
 19564 | D:9      | Got an ichor-stained flail {flame}
 19568 | D:9      | Identified the +1 flail of Agony {flame, *Drain Int+5 Dex+4} (You took it off a crimson imp on level 9 of the Dungeon)
 19829 | D:9      | Noticed Gastronok
 19831 | D:9      | Killed a two-headed ogre
 20195 | D:9      | Found a glowing golden altar of the Shining One.
 20425 | D:10     | Entered Level 10 of the Dungeon
 20452 | D:10     | Reached *** piety under Vehumet
 20590 | D:10     | Reached XP level 12. HP: 71/71 MP: 24/24
 21110 | D:10     | Noticed Psyche
 21119 | D:10     | Paralysed by Psyche for 2 turns
 21129 | D:10     | Killed Psyche
 21129 | D:10     | Reached skill level 1 in Fire Magic
 21221 | D:10     | Found a portal to a secret trove of treasure.
 21737 | D:11     | Noticed anet's ghost (journeyman GnMo)
 21748 | D:11     | Offered knowledge of Olgreb's Toxic Radiance by Vehumet.
 21755 | D:11     | Learned a level 4 spell: Olgreb's Toxic Radiance
 21767 | D:11     | Learned a level 3 spell: Mephitic Cloud
 21788 | D:11     | Found a runed door.
 22002 | D:11     | Reached skill level 11 in Conjurations
 22795 | D:11     | Reached skill level 1 in Poison Magic
 22856 | D:11     | Found a sparkling altar of Nemelex Xobeh.
 23620 | D:12     | Reached **** piety under Vehumet
 23627 | D:12     | Noticed Erolcha
 23799 | D:12     | Killed Erolcha
 24085 | D:12     | Learned a level 3 spell: Ignite Poison
 24275 | D:12     | Noticed a two-headed ogre
 24285 | D:12     | Killed a two-headed ogre
 24285 | D:12     | Offered knowledge of Yara's Violent Unravelling by Vehumet.
 24317 | D:12     | Found Feuquet's Antique Armour Shop.
 24328 | D:12     | Noticed Frances
 24345 | D:12     | Killed from afar by Frances

Vault maps used:
D:1:      dpeg_arrival_solitude, kennysheep_nondescript
D:2:      nicolae_dithmenos_shadow_blocks
D:3:      st_stairs_12
D:4:      kennysheep_mini_moat, chequers_temple_overflow_statue_of_worship,
          minmay_temple_entry_statues_pillars, first_ration,
          serial_co_window_serial, co_window_of_opportunity_a,
          co_window_cross_1, co_window_paths_a, co_window_corner_a,
          co_window_cross_1, co_window_paths_a, co_window_of_opportunity_c,
          co_window_corner_ca, co_window_broadway_a, co_window_paths_e,
          glass_columns_a, glass_columns_c, glass_columns_c, uniq_natasha
D:5:      grunt_temple_overflow_gold_and_silver, kennysheep_little_box,
          lemuel_doored_altar, grunt_temple_overflow_open, minmay_fountain_box,
          uniq_crazy_yiuf_cottage
D:6:      serial_shops, nicolae_shop_stone, nicolae_shop_stone, shop,
          nicolae_shop_crystal, kennysheep_mini, hex_tiny, uniq_blork_the_orc,
          uniq_duvessa
D:7:      lightli_church_of_beogh
D:8:      wad_statue_garden, dpeg_lair_monsters, grunt_livestock,
          minmay_strange_pillars
D:9:      nicolae_tso_besieged_by_evil, ebering_ghost_rock_garden,
          nicolae_underground_beach, uniq_gastronok, uniq_maurice
D:10:     nicolae_trove_entry_crystal, uniq_psyche
D:11:     hellmonk_ghost_happy_afterlife, nrook_mini_backslash,
          serial_bayou_pond_c, lemuel_oklob_altar
D:12:     david_orc_4, serial_shops, shop_statue, nicolae_two_hexagons,
          serial_park_tiny_1, uniq_frances, uniq_erolcha, uniq_kirke
Temple:   eino_temple_lava
Lair:1:   lemuel_fruit_fields, minmay_lair_oklob_chamber, grunt_megastairs_3,
          infiniplex_staircase_pool_2, lemuel_fruit_fields, uniq_erica
Lair:2:   gammafunk_lair_enchanted_lake, bh_autumn_forest_stairs,
          uniq_prince_ribbit2

Skill      XL: |  1  2  3  4  5  6  7  8  9 10 11 12 |
---------------+-------------------------------------+-----
Conjurations   | 5 7 8 9 10 11 | 11.8
Fighting       | 1 2 3 4 5 6 |  6.9
Maces & Flails | 1 2 3 4 5 |  5.7
Spellcasting   | 3 4 5 6 8 9 |  9.3
Stealth        | 3 4 |  4.0
Staves         | 1 3 4 5 |  5.2
Translocations | 1 3 4 5 |  5.2
Evocations     | 2 4 5 |  5.1
Hexes          | 2 4 |  4.0
Fire Magic     | 3 |  3.1
Poison Magic   | 2 |  2.6
Dodging        | |  1.5

Action                   |  1- 3 |  4- 6 |  7- 9 | 10-12 || total
-------------------------+-------+-------+-------+-------++-------
Melee: Club              |    42 |       |       |       ||    42
       Unarmed           |     2 |       |       |       ||     2
       Mace              |       |    31 |    30 |     9 ||    70
       Staff             |       |    18 |     4 |     4 ||    26
       Glaive            |       |       |     1 |       ||     1
       Flail             |       |       |       |    35 ||    35
Throw: Stone             |     3 |     2 |       |       ||     5
 Cast: Magic Dart        |    43 |    88 |   125 |    89 ||   345
       Searing Ray       |     6 |    10 |    56 |    70 ||   142
       Iskenderun's Myst |       |     1 |    22 |    71 ||    94
       Force Lance       |       |       |       |    90 ||    90
       Fulminant Prism   |       |       |       |    97 ||    97
       Shock             |       |       |       |     1 ||     1
       Throw Flame       |       |       |       |    10 ||    10
Evoke: Wand              |       |       |       |     1 ||     1
  Use: Scroll            |       |    12 |     8 |    17 ||    37
 Stab: Sleeping          |       |     1 |       |       ||     1
       Invisible         |       |       |       |     1 ||     1
  Eat: Chunk             |     2 |     7 |     9 |    22 ||    40
       Ration            |       |     2 |     5 |    11 ||    18
Armor: Robe              |    13 |    27 |    70 |   121 ||   231
Dodge: Dodged            |    45 |    41 |    98 |   170 ||   354

Table legend:
 A = Spawn XP
 B = Non-spawn XP
 C = Spawn XP percentage of total XP
 D = Spawn monster count
 E = Non-spawn monster count
 F = Spawn count percentage of total count
 G = Total turns spent on level
                    A         B        C        D         E        F      G
               +---------+---------+-------+---------+---------+-------+---------
         Total |       0 |   27016 |   0.0 |       0 |     312 |   0.0 | 24345
               +---------+---------+-------+---------+---------+-------+---------
           D:1 |       0 |      60 |   0.0 |       0 |      21 |   0.0 |  1150
           D:2 |       0 |      91 |   0.0 |       0 |      23 |   0.0 |  1022
           D:3 |       0 |      55 |   0.0 |       0 |      19 |   0.0 |   935
           D:4 |       0 |     430 |   0.0 |       0 |      16 |   0.0 |  1937
           D:5 |       0 |    1119 |   0.0 |       0 |      33 |   0.0 |  2614
           D:6 |       0 |     685 |   0.0 |       0 |      20 |   0.0 |  2104
           D:7 |       0 |    1210 |   0.0 |       0 |      13 |   0.0 |  2382
           D:8 |       0 |    4919 |   0.0 |       0 |      39 |   0.0 |  4052
           D:9 |       0 |    1495 |   0.0 |       0 |      30 |   0.0 |   860
          D:10 |       0 |    1235 |   0.0 |       0 |      17 |   0.0 |  1460
          D:11 |       0 |    3313 |   0.0 |       0 |      32 |   0.0 |  1857
          D:12 |       0 |    4273 |   0.0 |       0 |      16 |   0.0 |   603
        Lair:1 |       0 |    5199 |   0.0 |       0 |      23 |   0.0 |  2406
        Lair:2 |       0 |    2932 |   0.0 |       0 |      10 |   0.0 |   872
               +---------+---------+-------+---------+---------+-------+---------
